 Dungeon Crawl Stone Soup version 0.27-a0-1245-g940ed4fa31 (webtiles) character file.

Game seed: 14470853017225588633

392 funkygono the Shield-Bearer (level 7, -1/54 HPs)
             Began as a Formicid Fighter on June 10, 2021.
             Succumbed to Dowan's poison
             ... on level 4 of the Dungeon.
             The game lasted 00:07:39 (4333 turns).

funkygono the Shield-Bearer (Formicid Fighter)      Turns: 4333, Time: 00:07:40

Health: -1/54      AC:  7    Str: 22    XL:     7   Next: 8%
Magic:  7/7        EV:  8    Int:  8    God:
Gold:   79         SH: 10    Dex: 10    Spells: 6/7 levels left

rFire    . . .     SeeInvis +   k - +0 dire flail
rCold    . . .     Faith    .   c - +0 kite shield
rNeg     . . .     Spirit   .   b - +0 scale mail
rPois    .         Reflect  .   (helmet unavailable)
rElec    .         Harm     .   (no cloak)
rCorr    .         Rampage  .   (no gloves)
Will     .....                  (no boots)
Stlth    ..........             (no amulet)
HPRegen  0.18/turn              (no ring)
MPRegen  0.10/turn              (no ring)

@: lethally poisoned (-1 -> -13)
A: permanent stasis, dig shafts and tunnels, antennae 3, four strong arms
a: Dig, Shaft Self


You were on level 4 of the Dungeon.
You visited 1 branch of the dungeon, and saw 4 of its levels.

You collected 79 gold pieces.

Inventory:

Hand Weapons
 a - a +1 flail
 k - a +0 dire flail (weapon)
Armour
 b - a +0 scale mail (worn)
 c - a +0 kite shield (worn)
Magical Staves
 f - a staff of conjuration
Wands
 e - a wand of acid (8)
Scrolls
 h - a scroll of summoning
 i - a scroll of fear
Potions
 d - 2 potions of might
 j - a potion of haste


   Skills:
 + Level 4.0 Fighting
 + Level 4.3 Maces & Flails
 + Level 4.7 Armour
 + Level 1.3 Dodging
 + Level 1.0 Stealth
 + Level 4.9 Shields
 + Level 0.6 Spellcasting
 + Level 1.0 Ice Magic
 + Level 0.7 Evocations


You had 6 spell levels left.
You knew the following spells:

 Your Spells              Type           Power      Damage    Failure   Level
a - Freeze                Ice            4%         1d3       86%         1

Your spell library contained the following spells:

 Spells                   Type           Power      Damage    Failure   Level
 Beastly Appendage        Tmut           0%         N/A       95%         1
 Wereblood                Tmut           0%         N/A       98%         2
 Frozen Ramparts          Ice            2%         1d2       99%         3
 Ozocubu's Armour         Ice            1%         N/A       99%         3
 Spider Form              Tmut/Pois      0%         N/A       100%        3
 Hailstorm                Conj/Ice       1%         3d3       100%        4
 Ice Form                 Ice/Tmut       1%         N/A       100%        4
 Metabolic Englaciation   Hex/Ice        0%         N/A       100%        5


Dungeon Overview and Level Annotations

Branches:
Dungeon (4/15)
 Temple: D:4-7

Altars:
Hepliaklqana

Annotations:
D:4 Dowan


Innate Abilities, Weirdness & Mutations

You cannot be hasted, slowed, berserked, paralysed or teleported.
You can dig through walls and to a lower floor.
You have a pair of large antennae on your head. (SInv)
Your four strong arms can wield two-handed weapons with a shield.


Message History

Dowan seems to find hidden reserves of power!
You feel sick. Dowan hits you but does no damage.
You are more poisoned.
Dowan hits you but does no damage.
You are more poisoned.
Your Fighting skill increases to level 4!
Your Stealth skill increases to level 1!
You have reached level 7!
You miss Dowan.
You feel very sick. Dowan casts a spell at you. The stone arrow hits you!
Dowan points at you and mumbles some strange words.
The stone arrow hits you!
* * * LOW HITPOINT WARNING * * *
It was a potion of haste.
Your stasis prevents you from being hasted.
* * * LOW HITPOINT WARNING * * *
You feel very sick.
Dowan hits you with a +0 dagger of venom.
* * * LOW HITPOINT WARNING * * *
You are more poisoned.
It was a potion of curing.
You feel better. Dowan barely misses you.
Dowan breathes, "And she was my only..."
Dowan hits you with a +0 dagger of venom.
* * * LOW HITPOINT WARNING * * *
You are poisoned.
You sock Dowan!
Dowan is moderately wounded.
You feel sick. Dowan hits you but does no damage.
You are lethally poisoned!
Dowan closely misses you.
You closely miss Dowan.
Dowan is moderately wounded.
* * * LOW HITPOINT WARNING * * *
You feel very sick. Dowan hits you but does no damage. x2
You hit Dowan.
Dowan is heavily wounded.
You die...

########## ##...#..... #
####.[..#.######## #..
..#.....#.#....... # ..
.#.#...###.#.....#.
.#############.#)#.#.....#.....#.
...#...........#@#.#.#####.......
##...#.#####.#..e..............#.
...###........##...#+.##.#####.#[
##.# ##.#.#.#.##.#....##.# #.#.
#.# #..#..#.##.#.......# #.## #.#
#.###.............## ##.##
##.####..#..#.##.........####....
...............+.........'.......
...####.#...#.##.........####...#


You could see Dowan (fast).

Vanquished Creatures
  Duvessa (D:4)
  A black bear (D:3)
  Blork the orc (D:4)
  6 adders
  5 dart slugs
  8 endoplasms
  A giant cockroach (D:2)
  8 goblins
  6 hobgoblins
  4 jackals (D:1)
  A quokka (D:1)
  4 ball pythons
  6 bats
  3 frilled lizards
  4 kobolds
  10 rats
69 creatures vanquished.

Notes
Turn   | Place    | Note
-------+----------+-------------------------------------------
     0 | D:1      | funkygono the Formicid Fighter began the quest for the Orb.
     0 | D:1      | Reached XP level 1. HP: 18/18 MP: 1/1
   251 | D:1      | Reached XP level 2. HP: 14/24 MP: 2/2
   574 | D:1      | Reached XP level 3. HP: 27/29 MP: 3/3
  1463 | D:2      | Learned a level 1 spell: Freeze
  1743 | D:2      | Reached XP level 4. HP: 28/35 MP: 2/4
  2542 | D:3      | Reached XP level 5. HP: 36/41 MP: 5/5
  2837 | D:3      | Noticed a black bear
  2848 | D:3      | Killed a black bear
  2849 | D:3      | Reached XP level 6. HP: 20/48 MP: 6/6
  3247 | D:3      | Reached skill level 1 in Ice Magic
  3956 | D:4      | Found a hazy altar of Hepliaklqana.
  4039 | D:4      | Noticed Blork the orc
  4053 | D:4      | Killed Blork the orc
  4054 | D:4      | Reached skill level 1 in Dodging
  4318 | D:4      | Noticed Duvessa
  4319 | D:4      | Noticed Dowan
  4327 | D:4      | Killed Duvessa
  4328 | D:4      | Reached skill level 1 in Stealth
  4328 | D:4      | Reached XP level 7. HP: 36/54 MP: 7/7
  4333 | D:4      | Succumbed to Dowan's poison

Illustrated notes

Levels and vault maps discovered:
D:1:      dpeg_arrival_another_circle, layout_loops_ring
D:2:      layout_rooms, palyth_stone_intersect
D:3:      layout_basic, skrybe_limestone_x, minmay_misc_feat_ornament,
          st_stairs_5
D:4:      layout_loops_corners, nzn_hepliaklqana_mist_gate,
          minmay_temple_entry_trees, serial_co_window_serial, co_window_cross_1,
          co_window_paths_a, co_window_cross_1, co_window_corner_a,
          co_window_corner_a, co_window_paths_b, co_window_of_opportunity_a,
          co_window_corner_ca, co_window_broadway_c, co_window_cross_2,
          co_window_broadway_b, co_window_corner_b, glass_columns_a,
          glass_columns_b, biasface_ghost_orc_armoury, uniq_blork_the_orc,
          uniq_sigmund, uniq_duvessa

Skill      XL: |  1  2  3  4  5  6 |
---------------+-------------------+-----
Shields        | 4 |  4.9
Maces & Flails | 3 4 |  4.3
Armour         | 4 |  4.7
Ice Magic      | 1 |  1.0
Dodging        | 1 |  1.3
Fighting       | 4 |  4.0
Stealth        | 1 |  1.0
Spellcasting   | |  0.6
Evocations     | |  0.7

Action                   |  1- 3 |  4- 6 |  7- 9 || total
-------------------------+-------+-------+-------++-------
Melee: Flail             |   126 |   110 |       ||   236
       Dire flail        |       |     8 |     4 ||    12
Evoke: Wand              |       |     2 |       ||     2
  Use: Scroll            |     3 |     3 |       ||     6
       Potion            |       |       |     2 ||     2
Armor: Scale mail        |    79 |    54 |     3 ||   136
Dodge: Dodged            |    58 |    54 |     2 ||   114
Block: Kite shield       |    89 |    59 |       ||   148

Table legend: (Time is in decaauts)
 A = Elapsed time spent in this place.
 B = Non-inter-level travel time spent in this place.
 C = Inter-level travel time spent in this place.
 D = Time resting spent in this place.
 E = Time spent auto-exploring this place.
 F = Levels seen in this place.
 G = Mean time per level.
                   A        B        C        D        E       F      G
               +--------+--------+--------+--------+--------+-----+--------+
         Total |   4434 |   4334 |    100 |    256 |   3365 |   4 | 1108.5 |
       Dungeon |   4434 |   4334 |    100 |    256 |   3365 |   4 | 1108.5 |
               +--------+--------+--------+--------+--------+-----+--------+

Top non-repeatable levels by time:
     D:1: 1722 daAuts
     D:3: 1374 daAuts
     D:2: 713 daAuts
     D:4: 624 daAuts
